 Dungeon Crawl Stone Soup version 0.29.1-12-g30fa7ad0bf (webtiles) character file.

Game seed: 15490649591562626784

31 concernfroge the Trooper (level 3, -1/30 HPs)
             Began as a Mummy Monk on Dec 12, 2022.
             Slain by Terence
             ... wielding a +2 falchion of holy wrath
              (15 damage)
             ... on level 2 of the Dungeon.
             The game lasted 00:02:05 (1054 turns).

concernfroge the Trooper (Mummy Monk)               Turns: 1054, Time: 00:02:06

Health: -1/30      AC:  5    Str: 16    XL:     3   Next: 7%
Magic:  3/3        EV: 11    Int:  9    God:
Gold:   44         SH:  0    Dex: 14    Spells: 2/2 levels left

rFire   x . .      SeeInvis .   a - +0 spear
rCold   + . .      Faith    .   (no shield)
rNeg    + + +      Spirit   .   c - +0 ring mail
rPois   ∞          Reflect  .   (no helmet)
rElec   .          Harm     .   (no cloak)
rCorr   .          Rampage  .   (no gloves)
Will    .....                   (no boots)
Stlth   +.........              (no amulet)
HPRegen 0.10/turn               (no ring)
MPRegen 0.08/turn               (no ring)

@: no status effects
A: cold resistance 1, negative energy resistance 3, torment resistance 2, heat
vulnerability 1, in touch with death 1, no potions
a: no special abilities


You were on level 2 of the Dungeon.
You visited 1 branch of the dungeon, and saw 2 of its levels.

You collected 44 gold pieces.

Inventory:

Hand Weapons
 a - a +0 spear (weapon)
Armour
 c - a +0 ring mail (worn)
Scrolls
 b - a scroll of identify {unknown}
 d - a scroll of fear {unknown}
 e - a scroll of teleportation {unknown}
 f - a scroll of vulnerability {unknown}


   Skills:
 + Level 4.2 Fighting
 - Level 2.4 Polearms
 - Level 2.4 Dodging
 - Level 1.5 Stealth


You had 2 spell levels left.
You didn't know any spells.
Your spell library contained the following spells:

 Spells                   Type           Power      Damage    Failure   Level
 Summon Hydra             Summ           0%         N/A       100%        7
 Chain Lightning          Conj/Air       0%         N/A       100%        9
 Fire Storm               Conj/Fire      0%         5d1       100%        9
 Shatter                  Erth           0%         3d5*      100%        9
 Sublimation of Blood     Necr           Unusable   N/A       N/A         2
 Wereblood                Tmut           Unusable   N/A       N/A         2

Dungeon Overview and Level Annotations

Branches:
Dungeon (2/15)

Altars:

Annotations:
D:2 Terence


Innate Abilities, Weirdness & Mutations

You are immune to poison.
Your flesh is cold resistant. (rC+)
You are immune to negative energy. (rN+++)
You are immune to unholy pain and torment.
You are vulnerable to heat. (rF-)
You are in touch with the powers of death.
You do not drink.


Message History

Increase (S)trength, (I)ntelligence, or (D)exterity?
You feel stronger. x2
You feel more in touch with the powers of death.
A frilled lizard and a goblin come into view.
The goblin shoots a sling bullet.
The sling bullet barely misses you.
The frilled lizard moves out of view.
The goblin shoots a sling bullet.
The sling bullet barely misses you.
You hear an angry hiss.
You reach to attack!
You hit the goblin.
The goblin is severely wounded.
The goblin shoots a sling bullet.
The sling bullet hits you but does no damage.
You reach to attack!
You hit the goblin.
You kill the goblin!
No target in view!
Terence the Incautious comes into view.
He is wielding a +2 falchion of holy wrath.
Terence shouts!
The frilled lizard hisses angrily.
Terence moves out of view.
You reach to attack!
You closely miss the frilled lizard. You hit the frilled lizard.
You kill the frilled lizard!
A rat comes into view.
Found a stone staircase leading down.
You reach to attack!
You hit Terence.
Terence is moderately wounded.
You hit Terence.
Terence is heavily wounded.
Terence barely misses you.
Okay, then.
Unknown command.
You hit Terence.
Terence is severely wounded.
Terence hits you with a +2 falchion of holy wrath.
You convulse.
You hit Terence but do no damage.
Terence is severely wounded.
Terence hits you with a +2 falchion of holy wrath!
You convulse!
Ouch! That really hurt!
You die...

.###..#.####
..........# .
#.#..#..#.# ..
##.#..#..#.# ...
.###.....#..#.# ....
.........#..#.#$....
####....##..........
.....)..###.@@r.....
#####.#...#...#....>
. #.....#.#.....#
...
..#.##..........# .
.....#.###.####.#
#...###.####.##
#..............
#....##.#######
#....##.#


You could see Terence and a rat.

Vanquished Creatures
  A dart slug (D:1)
  2 endoplasms (D:1)
  3 goblins
  2 hobgoblins (D:1)
  3 jackals (D:1)
  3 kobolds
  2 quokkas (D:1)
  3 ball pythons (D:1)
  2 bats (D:1)
  3 frilled lizards
  2 rats (D:1)
26 creatures vanquished.

Notes
Turn   | Place    | Note
-------+----------+-------------------------------------------
     0 | D:1      | concernfroge the Mummy Monk began the quest for the Orb.
     0 | D:1      | Reached XP level 1. HP: 18/18 MP: 1/1
   330 | D:1      | Reached XP level 2. HP: 23/24 MP: 2/2
   670 | D:1      | Reached skill level 4 in Fighting
  1008 | D:2      | Gained mutation: You are in touch with the powers of death.
                  | [Mummy growth]
  1008 | D:2      | Reached XP level 3. HP: 30/30 MP: 3/3
  1047 | D:2      | Noticed Terence
  1054 | D:2      | Slain by Terence

Illustrated notes

Levels and vault maps discovered:
D:1:      erik_arrival_triangle_medium, layout_basic
D:2:      layout_loops_ring, basic_ecumenical_altar, grunt_ministairs_15,
          minivault_4, uniq_terence, uniq_sigmund

Skill      XL: |  1  2 |
---------------+-------+-----
Fighting       | 4 |  4.2
Polearms       | |  2.4
Dodging        | |  2.4
Stealth        | |  1.5

Action                   || total
-------------------------++-------
Melee: Spear             ||    97
       Punch             ||     2
 Stab: Sleeping          ||     4
Armor: Robe              ||     2
       Ring mail         ||    26
Dodge: Dodged            ||    44
